 Dungeon Crawl Stone Soup version 0.16-a0-922-gae79c9c (webtiles) character file.

101 Qrupt the Ruffian (level 4, 0/35 HPs)
             Began as a Draconian Transmuter on Sept 30, 2014.
             Slain by a gnoll
             ... wielding a +0 flail
              (6 damage)
             ... on Level 2 of the Dungeon.
             The game lasted 00:06:11 (1494 turns).

Qrupt the Ruffian (Draconian Transmuter)            Turns: 1494, Time: 00:06:11

HP   0/35        AC  2     Str 14      XL: 4   Next: 48%
MP   2/7         EV 10     Int 13      God:
Gold 77          SH  0     Dex 16      Spells:  2 memorised,  3 levels left

rFire  . . .     SeeInvis .       - Unarmed
rCold  . . .     Clarity  .     (armour unavailable)
rNeg   . . .     rCorr    .     (shield currently unavailable)
rPois  x         rRot     .     (helmet currently unavailable)
rElec  .         Spirit   .     (cloak currently unavailable)
SustAb .         Warding  .     (gloves currently unavailable)
rMut   .         Stasis   .     e - melded +1 pair of boots
Gourm  .                        (no amulet)
MR     .....                    (no ring)
                                (no ring)

@: spider-form (expiring), held, not resistant to hostile enchantments, very
unstealthy
A: unfitting armour, (cold-blooded), AC +5
a: End Transformation


You were on level 2 of the Dungeon.
You were hungry.
You were a venomous arachnid creature.
You visited 1 branch of the dungeon, and saw 2 of its levels.

You collected 77 gold pieces.

Inventory:

Missiles
 b - 12 arrows
Armour
 e - a +1 pair of boots (melded)
Comestibles
 a - 2 bread rations
 c - a meat ration
Scrolls
 f - a scroll of remove curse {unknown}
 g - a scroll of amnesia {unknown}
 i - 2 scrolls of identify {unknown}
Potions
 h - a potion of heal wounds {unknown}
 j - a potion of confusion {unknown}
Books
 d - a book of Changes

   Spells                             Type                      Level
   *Beastly Appendage                 Transmutation                1
   Sticks to Snakes                   Transmutation                2
   *Spider Form                       Transmutation/Poison         3
   Ice Form                           Ice/Transmutation            4
   Blade Hands                        Transmutation                5


   Skills:
 - Level 1.1 Fighting
 - Level 1.7 Dodging
 - Level 4.2 Unarmed Combat
 - Level 2.0 Spellcasting
 + Level 2.7 Transmutations
 + Level 2.2 Poison Magic


You had 3 spell levels left.
You knew the following spells:

 Your Spells              Type           Power        Failure   Level  Hunger
a - Beastly Appendage     Trmt           #.....       24%         1    ##.....
b - Spider Form           Trmt/Pois      #.........   50%         3    ####...


Dungeon Overview and Level Annotations

Branches:
Dungeon (2/15)

Altars:
Elyvilon


Innate Abilities, Weirdness & Mutations

((Your plain brown scales are hard (AC +5).))
Your body does not fit into most forms of armour.
((Your cold-blooded metabolism reacts poorly to cold.))


Message History

You kill the gnoll!
You hear a splash.
The gnoll throws a throwing net.
The throwing net hits you.
You become entangled in the net!
The gnoll hits you with a halberd!
Casting: Spider Form
Confirm with . or Enter, or press ? or * to list all spells.
You turn into a venomous arachnid creature.
Your +1 pair of boots melds into your body.
You are feeling hungry.
You try to slip out of the net.
The gnoll hits you with a halberd! The gnoll hits you with a flail!
* * * LOW HITPOINT WARNING * * *
Drink which item? (? for menu, Esc to quit)
Okay, then.
Read which item? (? for menu, Esc to quit)
Okay, then.
You try to slip out of the net.
Your transformation is almost over.
The gnoll closely misses you. The gnoll hits you with a flail.
You die...

#............#..#....#...
#.#......# #.#..#.#......
#.###...####....#.###(...
#.#≈≈...≈≈#.##.....###...
#.#≈..♣..≈#.....#...##...
#......r...###.##.#.#....
#...♣._.♣...#............
##...............##..).).
##≈..♣gs≈###.....##.....
#≈≈..g)≈# #.......#....
###...### #...##.......
##)#.# #...###......
#...# #...# ###.... ##..#
#..## #.... ##g## #..#
###..#.
#..#####..####..#...
#%###.........#...#.


You could see 2 gnolls and a neutral quokka (wandering).

Vanquished Creatures
  2 gnolls (D:2)
  2 adders (D:2)
  3 giant geckos
  A giant cockroach (D:2)
  4 goblins
  8 hobgoblins
  4 jackals (D:1)
  9 kobolds
  A ball python (D:2)
  16 bats
  A giant newt (D:2)
  8 rats
59 creatures vanquished.

Vanquished Creatures (others)
  A goblin (D:2)
1 creature vanquished.

Grand Total: 60 creatures vanquished

Notes
Turn   | Place    | Note
--------------------------------------------------------------
     0 | D:1      | Qrupt, the Draconian Transmuter, began the quest for the Orb.
     0 | D:1      | Reached XP level 1. HP: 16/16 MP: 3/3
   155 | D:1      | Reached XP level 2. HP: 18/23 MP: 4/4
   340 | D:1      | Reached skill level 4 in Unarmed Combat
   441 | D:1      | Reached XP level 3. HP: 20/28 MP: 6/6
   753 | D:1      | Learned a level 3 spell: Spider Form
   910 | D:2      | Reached skill level 1 in Poison Magic
  1277 | D:2      | Reached XP level 4. HP: 25/35 MP: 5/7
  1444 | D:2      | Found a white marble altar of Elyvilon.
  1494 | D:2      | Slain by a gnoll

Action                   |  1- 3 |  4- 6 || total
-------------------------+-------+-------++-------
Melee: Unarmed           |   185 |    20 ||   205
 Cast: Beastly Appendage |     8 |       ||     8
       Spider Form       |       |     2 ||     2
  Use: Potion            |     2 |       ||     2
  Eat: Chunk             |     1 |     1 ||     2
